 Dungeon Crawl Stone Soup version 0.29.1-2-gbd0b4ee654 (webtiles) character file.

Game seed: 2567339516957615420

3784 lmSkywalker the Magician (level 9, -6/57 HPs)
             Began as a Demonspawn Hedge Wizard on Nov 25, 2022.
             Was an Initiate of Uskayaw.
             Mangled by a yak (15 damage)
             ... on level 9 of the Dungeon on Nov 26, 2022.
             The game lasted 00:52:42 (10369 turns).

lmSkywalker the Magician (Demonspawn Hedge Wizard) Turns: 10369, Time: 00:52:43

Health: -6/57      AC:  6    Str: 10    XL:     9   Next: 95%
Magic:  13/27      EV: 11    Int: 22    God:    Uskayaw [......]
Gold:   428        SH:  8    Dex: 14    Spells: 11/20 levels left

rFire   . . .      SeeInvis .   H - +4 demon blade (freeze)
rCold   . . .      Faith    .   r - +3 buckler
rNeg    . . .      Spirit   .   K - +1 robe "Ycafek" {Int+3}
rPois   .          Reflect  .   J - +0 helmet
rElec   .          Harm     .   z - +0 cloak
rCorr   .          Rampage  .   g - +0 pair of gloves
Will    .....                   (boots unavailable)
Stlth   ++........              y - amulet of the acrobat
HPRegen 1.19/turn               h - ring of magical power
MPRegen 0.20/turn               t - ring of flight

@: flying
A: hooves 3, demonic guardian 1, powered by death 2
a: Renounce Religion


You were on level 9 of the Dungeon.
You worshipped Uskayaw.
Uskayaw was noncommittal.
You visited 2 branches of the dungeon, and saw 10 of its levels.

You collected 484 gold pieces.
You spent 56 gold pieces at shops.

Inventory:

Hand Weapons
 H - a +4 demon blade of freezing (weapon)
Missiles
 c - 6 datura-tipped darts
Armour
 g - a +0 pair of gloves (worn)
 r - a +3 buckler (worn)
 z - a +0 cloak (worn)
 J - a +0 helmet (worn)
 K - the +1 robe "Ycafek" (worn) {Int+3}
   (You found it on level 6 of the Dungeon)

   Int:       It affects your intelligence (+3).
 M - the +6 scale mail "Kangil" {MP+9}
   (You found it on level 8 of the Dungeon)

   MP:        It affects your magic capacity (+9).
Jewellery
 h - a ring of magical power (left hand)
 t - a ring of flight (right hand)
 y - an amulet of the acrobat (around neck)
 C - an amulet of magic regeneration
 G - an amulet of faith
Wands
 j - a wand of flame (25)
 v - a wand of mindburst (16)
 L - a wand of iceblast (9)
 N - a wand of charming (11)
Scrolls
 a - 2 scrolls of magic mapping {unknown}
 b - a scroll of fear {unknown}
 k - a scroll of immolation {unknown}
 l - 2 scrolls of amnesia {unknown}
 n - 3 scrolls of enchant armour
 o - 3 scrolls of poison
 q - 3 scrolls of silence {unknown}
 u - a scroll of teleportation
 x - 2 scrolls of vulnerability {unknown}
 B - a scroll of summoning {unknown}
 E - a scroll of identify
Potions
 d - 2 potions of magic
 e - 2 potions of might
 f - 3 potions of mutation {unknown}
 i - a potion of lignification
 m - a potion of haste {unknown}
 p - 4 potions of curing
 s - 2 potions of attraction
 w - a potion of brilliance
 A - 2 potions of heal wounds
 D - 2 potions of flight {unknown}
 F - 2 potions of berserk rage
 I - a potion of ambrosia {unknown}


   Skills:
 + Level 6.0 Long Blades
 + Level 0.7 Armour
 - Level 1.8 Dodging
 - Level 3.3 Stealth
 - Level 4.1 Shields
 - Level 6.1 Spellcasting
 - Level 5.4 Conjurations
 - Level 1.4 Hexes
 - Level 2.6 Summonings
 - Level 0.8 Translocations
 - Level 4.3 Air Magic
 - Level 4.8 Poison Magic


You had 11 spell levels left.
You knew the following spells:

 Your Spells              Type           Power      Damage    Failure   Level
a - Magic Dart            Conj           100%       1d8       1%          1
b - Slow                  Hex            52%        N/A       6%          1
c - Call Imp              Summ           18%        N/A       6%          2
d - Blink                 Tloc           20%        N/A       12%         2
e - Mephitic Cloud        Conj/Pois/Air  28%        N/A       4%          3

Your spell library contained the following spells:

 Spells                   Type           Power      Damage    Failure   Level
 Static Discharge         Conj/Air       28%        3-7/arc   2%          2
 Conjure Flame            Conj/Fire      18%        6-21      11%         3
 Lesser Beckoning         Tloc           10%        N/A       24%         3
 Lightning Bolt           Conj/Air       14%        1d27      38%         5
 Freezing Cloud           Conj/Ice/Air   10%        6-21      63%         5
 Manifold Assault         Tloc           10%        N/A       92%         5
 Simulacrum               Ice/Necr       3%         N/A       100%        6
 Maxwell's Capacitive Co  Air            13%        ∞         100%        8
 Polar Vortex             Ice            3%         N/A       100%        9


Dungeon Overview and Level Annotations

Branches:
Dungeon (9/15)             Temple (1/1) D:5
   Lair: D:8-11         Orc: D:9-12

Altars:
Ashenzari
Cheibriados
Dithmenos
Hepliaklqana
Kikubaaqudgha
Makhleb
Nemelex Xobeh
Okawaru
Qazlal
Ru
Sif Muna
Trog
Uskayaw
Wu Jian
Xom

Shops:
D:4 *

Annotations:
D:6 exclusion: sky beast
D:7 exclusion: hornet
D:9 Erica


Innate Abilities, Weirdness & Mutations

You have hooves in place of feet.
A weak demonic guardian rushes to your aid.
You regenerate health from kills.


Message History

You hit the yak but do no damage.
The yak is almost dead.
The yak seems less confused.
The yak gores the yak!
The yak barely misses you.
The yak gores the yak!
The yak is killed!
Your Long Blades skill increases to level 6!
You closely miss the yak. You kick the yak.
The yak is lightly wounded.
The yak closely misses the yak.
The yak gores itself!
The yak gores you.
You hit the yak. You freeze the yak.
The yak is heavily wounded.
You block the yak's attack.
A yak comes into view.
The yak completely misses you.
You closely miss the yak. You kick the yak!
The yak is heavily wounded.
The yak seems less confused. x2; The yak gores you!
A demonic guardian appears!
The yak closely misses you.
The yak gores the yak.
The yak gores itself!
You stomp with the beat, sending a shockwave through the revellers around you!
The yak is moderately wounded.
The yak is severely wounded.
The yak is almost dead.
You can no longer pass through a line of other dancers.
The yak gores you. The yak gores you!
* * * LOW HITPOINT WARNING * * *
The yak closely misses you.
You can now pass through a line of other dancers.
Aiming: Line Pass
Press: ? - help, Dir - move target, p - yak The yak appears confused. x2
A yak comes into view.
You can no longer pass through a line of other dancers.
The yak barely misses you.
Your iron imp hits the yak!
You stomp with the beat, sending a shockwave through the revellers around you!
The yak is moderately wounded. x2
The yak is severely wounded.
The yak is almost dead.
You can no longer stomp with the beat.
The yak seems less confused.
The yak gores you!
You die...

#.............
#.............
#...........#
#...........+
#..<........#
#.........[.#
#####.YY5...#
#YYY....###
#.Y@.......
#..Y.......
##.......:.
#.Y.......
#.........
#.........
..........
..........


You could see 8 yaks and a friendly iron imp (summoned).

Vanquished Creatures
  A two-headed ogre (D:8)
  Maggie (D:8)
  A hornet (D:8)
  A yak (D:9)
  2 ice beasts
  2 sky beasts
  2 black bears
  2 ogres
  A kobold brigand (D:8)
  Blork the orc (D:6)
  3 bullfrogs (D:7)
  A scorpion (D:5)
  2 wights (D:7)
  7 killer bees (D:8)
  An orc priest (D:6)
  A jelly (D:7)
  4 hounds
  A gnoll bouda (D:8)
  An iguana (D:7)
  An orc wizard (D:6)
  8 gnolls
  6 adders
  2 shadow imps
  A white imp (D:6)
  An ufetubus (D:6)
  19 orcs
  5 ball pythons
  4 bats
  3 endoplasms
  A giant cockroach (D:1)
  7 goblins
  9 hobgoblins
  5 jackals
  3 quokkas
  A frilled lizard (D:2)
  9 kobolds
  4 rats
124 creatures vanquished.

Vanquished Creatures (collateral kills)
  A black bear (D:6)
  A sky beast (D:6)
  A centaur (D:7)
  A scorpion (D:6)
  A wight (D:7)
  A killer bee (D:8)
  An orc priest (D:5)
  Robin (D:3)
  5 adders
  A gnoll (D:4)
  A white imp (D:7)
  An orc (D:5)
  2 endoplasms
  3 goblins (D:3)
  2 hobgoblins (D:3)
  A jackal (D:2)
  A frilled lizard (D:2)
25 creatures vanquished.

Vanquished Creatures (others)
  A demonic plant (D:9)
  A plant (D:1)
  2 withered plants (D:1)
4 creatures vanquished.

Grand Total: 153 creatures vanquished

Notes
Turn   | Place    | Note
-------+----------+-------------------------------------------
     0 | D:1      | lmSkywalker the Demonspawn Hedge Wizard began the quest for
                  | the Orb.
     0 | D:1      | Reached XP level 1. HP: 13/13 MP: 4/4
    13 | D:1      | Learned a level 1 spell: Slow
   533 | D:1      | Gained mutation: You regenerate a little health from kills.
                  | [demonic ancestry]
   533 | D:1      | Reached XP level 2. HP: 19/19 MP: 1/6
   613 | D:1      | Found a faded altar of an unknown god.
   807 | D:1      | Learned a level 2 spell: Call Imp
   810 | D:1      | Learned a level 2 spell: Blink
  1856 | D:2      | Gained mutation: You have large cloven feet. [demonic
                  | ancestry]
  1856 | D:2      | Reached XP level 3. HP: 24/24 MP: 7/7
  2199 | D:3      | Reached skill level 1 in Hexes
  2286 | D:3      | Noticed Robin
  2300 | D:3      | Killed Robin
  2308 | D:3      | Gained mutation: A weak demonic guardian rushes to your
                  | aid. [demonic ancestry]
  2308 | D:3      | Reached XP level 4. HP: 28/30 MP: 9/9
  2944 | D:4      | Reached skill level 1 in Shields
  2944 | D:4      | Gained mutation: You have hoof-like feet. [demonic
                  | ancestry]
  2944 | D:4      | Reached XP level 5. HP: 16/35 MP: 10/10
  3426 | D:4      | Noticed a sky beast
  3553 | D:4      | Found Navuamne's Serpentskin Sales.
  3561 | D:4      | Bought a scroll of poison for 56 gold pieces
  3799 | D:5      | Entered Level 5 of the Dungeon
  4542 | D:5      | Gained mutation: You have hooves in place of feet. [demonic
                  | ancestry]
  4542 | D:5      | Reached XP level 6. HP: 40/41 MP: 11/11
  4664 | D:5      | Reached skill level 1 in Long Blades
  4707 | D:5      | Found a staircase to the Ecumenical Temple.
  4716 | Temple   | Entered the Ecumenical Temple
  4879 | Temple   | Became a worshipper of Uskayaw the Reveller
  4985 | D:5      | Reached * piety under Uskayaw
  5194 | D:5      | Reached XP level 7. HP: 44/46 MP: 12/12
  5478 | D:6      | Noticed Blork the orc
  5484 | D:6      | Reached ** piety under Uskayaw
  5486 | D:6      | Killed Blork the orc
  5742 | D:6      | Found an ancient bone altar of Kikubaaqudgha.
  5819 | D:6      | Identified the +1 robe "Ycafek" {Int+3}
  6265 | D:6      | Learned a level 3 spell: Mephitic Cloud
  6908 | D:7      | Reached skill level 1 in Poison Magic
  6908 | D:7      | Reached XP level 8. HP: 48/52 MP: 14/14
  6968 | D:7      | Reached skill level 1 in Air Magic
  7990 | D:7      | Noticed a hornet
  8148 | D:4      | Reached skill level 5 in Spellcasting
  8660 | D:7      | Gained mutation: You regenerate health from kills. [demonic
                  | ancestry]
  8660 | D:7      | Reached XP level 9. HP: 57/57 MP: 16/16
  8953 | D:8      | Noticed a two-headed ogre
  8977 | D:8      | Noticed Maggie
  9029 | D:8      | Reached *** piety under Uskayaw
  9030 | D:8      | Reached **** piety under Uskayaw
  9155 | D:8      | Reached skill level 5 in Long Blades
  9650 | D:8      | Killed a two-headed ogre
  9653 | D:8      | Reached skill level 5 in Conjurations
  9697 | D:8      | Reached ***** piety under Uskayaw
  9712 | D:8      | Reached ****** piety under Uskayaw
  9713 | D:8      | Killed Maggie
  9901 | D:8      | Identified the +6 scale mail "Kangil" {MP+9}
 10280 | D:9      | Noticed Erica
 10316 | D:9      | Noticed a red devil
 10369 | D:9      | Mangled by a yak

Illustrated notes

Levels and vault maps discovered:
D:1:      psy_arrival_terrarium, layout_basic, serial_forest,
          infiniplex_forest_straight_4, infiniplex_forest_clump_C,
          infiniplex_forest_clump_C, infiniplex_forest_end_2,
          infiniplex_forest_straight_3, infiniplex_forest_straight_2,
          infiniplex_forest_clump_small, infiniplex_forest_end_2,
          ebering_ecumenical_altar_petrified
D:2:      layout_loops_corners
D:3:      layout_rooms, uniq_robin
D:4:      layout_rooms, guppyfry_shop_venom
D:5:      layout_basic, minmay_temple_entry_statues
D:6:      layout_loops_corners, nicolae_kikubaaqudgha_miasma_corner,
          uniq_blork_the_orc
D:7:      layout_rooms, serial_rivers, chequers_serial_rivers_micro_b,
          chequers_serial_rivers_small_b, chequers_serial_rivers_micro_d,
          chequers_serial_rivers_micro_b, chequers_mini_garden
D:8:      layout_cave_pools, uniq_maggie
D:9:      layout_irregular_city, serial_demonic, serial_demonic_e,
          serial_demonic_d, serial_demonic_e, serial_demonic_e, uniq_erica,
          uniq_grum, uniq_harold
Temple:   nicolae_temple_bog_church

Skill      XL: |  1  2  3  4  5  6  7  8  9 |
---------------+----------------------------+-----
Stealth        | 2 3 |  3.3
Hexes          | 1 |  1.4
Conjurations   | 2 4 5 |  5.4
Summonings     | 2 |  2.6
Shields        | 1 2 3 4 |  4.1
Long Blades    | 2 3 4 6 |  6.0
Spellcasting   | 4 5 6 |  6.1
Poison Magic   | 1 3 4 |  4.8
Air Magic      | 2 4 |  4.3
Armour         | |  0.7
Dodging        | |  1.8
Translocations | |  0.8

Action                   |  1- 3 |  4- 6 |  7- 9 || total
-------------------------+-------+-------+-------++-------
Melee: Dagger            |    35 |       |       ||    35
       Falchion          |    27 |       |       ||    27
       Hand axe          |    29 |    56 |       ||    85
       Punch             |     1 |       |       ||     1
       Short sword       |       |    46 |       ||    46
       Demon blade       |       |    15 |   175 ||   190
       Kick              |       |     2 |    52 ||    54
 Cast: Magic Dart        |    31 |    36 |    56 ||   123
       Call Imp          |     6 |    20 |    36 ||    62
       Slow              |     2 |       |       ||     2
       Mephitic Cloud    |       |       |     5 ||     5
Invok: Stomp             |       |       |     4 ||     4
       Line Pass         |       |       |     3 ||     3
  Use: Scroll            |     1 |     2 |     8 ||    11
 Stab: Distracted        |     1 |       |     1 ||     2
       Sleeping          |       |       |     1 ||     1
       Confused          |       |       |     2 ||     2
       Paralysed         |       |       |     2 ||     2
Armor: Robe              |    31 |    30 |    16 ||    77
Dodge: Dodged            |    79 |    98 |    79 ||   256
Block: Buckler           |       |    11 |    54 ||    65
